Map: Goldenaura LE

Players

A.I. 1 (Harder)

  • Race: Terran Terran
  • Spawn Location: 5:00

lorimbo - Winner!

  • Race: Zerg Zerg
  • Spawn Location: 12:00

VOD

Have the link to the VOD?

Description

Time

  • Played on: Jan. 30, 2024, 2:41 p.m.
  • Length: 9:03
Show
View Real Time Build Order
Export as new Build Order

A.I. 1 (Harder) Terran 

Build Orders:  

Get SALT Encoding   

  12  0:00  SCV  
  13  0:13  SCV  
  14  0:18  Supply Depot  
  14  0:25  SCV  
  15  0:40  SCV  
  16  0:44  Barracks  
  16  0:49  Refinery  
  16  0:52  SCV  
  18  1:04  SCV  
  18  1:16  SCV  
  19  1:22  Supply Depot  
  19  1:29  SCV  
  19  1:31  Marine  
  21  1:42  Barracks, Orbital Command  
  21  1:50  Barracks Tech Lab, Refinery  
  21  2:08  Marine  
  22  2:09  Supply Depot  
  22  2:26  Marine  
  22  2:28  Marine  
  26  2:44  Marauder  
  26  2:46  Marine  
  26  2:48  Supply Depot  
  27  3:03  Marine  
  30  3:05  Marauder  
  30  3:15  Supply Depot  
  30  3:21  Marine  
  30  3:23  SCV  
  34  3:27  Marauder  
  34  3:36  SCV  
  34  3:39  Marine, Engineering Bay  
  36  3:47  Marine  
  36  3:48  SCV  
  38  3:57  Marine  
  38  4:00  SCV  
  40  4:05  Marine  
  40  4:07  Supply Depot  
  41  4:12  SCV  
  41  4:15  Marine  
  43  4:24  SCV, Marauder  
  46  4:45  Marauder  
  48  5:06  Marauder  
  50  5:48  Barracks Tech Lab  
  50  5:49  Terran Infantry Weapons Level 1, Stimpack  
  50  5:50  Factory  
  50  5:54  Factory  
  50  5:56  Missile Turret, Command Center  
  50  5:57  Missile Turret  
  50  6:06  Combat Shield  
  50  6:20  Bunker  
  50  6:26  Marine  
  50  6:31  Supply Depot  
  37  6:34  Marine  
  37  6:35  Factory Tech Lab  
  37  6:39  Starport  
  28  6:41  Starport, Factory Tech Lab  
  28  6:44  Marine  
  29  6:51  Marine  
  30  6:55  Siege Tank  
  33  7:02  Marine  
  34  7:09  Marine  
  34  7:11  SCV, Refinery  
  34  7:14  Starport Tech Lab  
  34  7:15  SCV  
  37  7:17  Starport Tech Lab, Refinery  
  37  7:20  Marine  
  38  7:23  SCV  
  38  7:27  SCV, Marine  
  38  7:31  Siege Tank  
  38  7:35  SCV  
  41  7:38  Marine  
  41  7:39  SCV  
  38  7:45  Marine  
  38  7:47  SCV  
  40  7:51  SCV  
  40  7:56  Marine  
  41  7:59  SCV  
  41  8:03  SCV, Marine  
  44  8:07  Siege Tank  
  44  8:11  SCV  
  48  8:14  Marine  
  48  8:15  SCV  
  50  8:21  Marine  
  50  8:23  SCV  
  50  8:25  Viking  
  40  8:38  Marauder  
Show
View Real Time Build Order
Export as new Build Order

lorimbo Zerg - Winner!

Build Orders: Hatch First 

Get SALT Encoding   

  12  0:00  Drone  
  13  0:09  Drone  
  13  0:12  Extractor  
  13  0:14  Drone  
  15  0:38  Hatchery  
  14  0:45  Extractor, Drone  
  15  0:50  Overlord  
  15  1:06  Spawning Pool  
  15  1:08  Drone  
  15  1:14  Drone  
  15  1:16  Drone  
  17  1:23  Drone  
  18  1:30  Extractor  
  17  1:35  Drone  
  18  1:41  Drone  
  19  1:51  Drone x2  
  19  1:53  Queen  
  23  1:55  Queen  
  23  2:00  Drone  
  26  2:02  Drone  
  27  2:11  Drone  
  27  2:13  Overlord  
  28  2:29  Hatchery  
  27  2:32  Drone  
  27  2:36  Drone  
  29  2:38  Metabolic Boost  
  29  2:43  Drone  
  30  2:45  Drone  
  30  2:47  Drone  
  30  2:50  Drone  
  33  2:55  Drone  
  33  2:57  Overlord  
  34  3:02  Queen  
  36  3:15  Drone x6  
  36  3:18  Drone  
  43  3:26  Drone  
  44  3:29  Overlord  
  44  3:41  Queen  
  46  3:42  Zergling x2  
  46  3:43  Zergling x6  
  46  3:45  Overlord  
  50  3:49  Zergling x8  
  50  3:52  Drone  
  55  3:59  Drone  
  55  4:00  Drone  
  55  4:02  Queen  
  57  4:03  Drone  
  57  4:09  Overlord  
  60  4:11  Drone x4  
  60  4:15  Queen  
  66  4:25  Overlord x3  
  66  4:27  Lair  
  66  4:29  Drone x3  
  69  4:33  Drone  
  69  4:35  Drone  
  69  4:38  Roach Warren  
  70  4:41  Drone  
  70  4:42  Evolution Chamber  
  70  4:43  Queen  
  70  4:44  Evolution Chamber  
  70  4:45  Drone  
  72  4:46  Drone x2  
  72  4:49  Drone x2  
  76  4:54  Drone x4  
  76  4:57  Overlord  
  80  5:00  Extractor x2  
  80  5:02  Extractor x2, Drone x2  
  80  5:03  Drone  
  80  5:04  Drone  
  80  5:08  Drone x2  
  82  5:15  Zerg Missile Weapons Level 1, Zerg Ground Armor Level 1  
  82  5:19  Drone x3  
  85  5:28  Overlord  
  85  5:29  Drone  
  85  5:35  Glial Reconstitution  
  86  5:38  Roach x3  
  86  5:39  Overlord  
  86  5:40  Overlord  
  92  5:42  Hatchery  
  92  5:44  Overlord  
  92  5:48  Roach  
  92  5:49  Roach x2  
  97  5:53  Roach x3  
  97  5:56  Roach  
  105  5:58  Overlord  
  105  6:01  Overlord  
  105  6:02  Roach x3  
  111  6:08  Roach  
  111  6:09  Roach x3  
  119  6:12  Roach  
  119  6:13  Overlord  
  119  6:17  Roach  
  119  6:18  Roach  
  125  6:19  Roach x2  
  127  6:26  Roach  
  127  6:27  Roach x3  
  127  6:29  Ravager  
  127  6:30  Overlord  
  127  6:32  Roach x2  
  132  6:37  Roach x2  
  134  6:41  Overlord  
  134  6:50  Roach x5  
  134  6:54  Overlord  
  144  6:55  Roach x4  
  144  6:58  Ravager  
  144  7:00  Roach  
  155  7:06  Roach x3  
  161  7:15  Overlord x2  
  161  7:17  Zergling x14  
  161  7:20  Zergling x2  
  161  7:22  Ravager  
  170  7:23  Ravager  
  170  7:25  Zergling x4  
  170  7:26  Zergling x6  
  175  7:31  Roach x2  
  179  7:37  Roach  
  179  7:38  Roach  
  179  7:44  Roach x5  
  193  7:49  Extractor, Drone  
  193  7:50  Drone x2  
  195  7:59  Overlord  
  195  8:00  Roach x2  
  199  8:07  Overlord x2  
  199  8:36  Roach  
Tags
 
Matchup
TvZ
Spawn Locations
Cross Positions
Add a new tag
Caveats
  • Supply blocks, unpowered buildings, or Contaminate may cause inaccurate times.
  • Supply counts are checked every 10 seconds.